 Dungeon Crawl Stone Soup version 0.31-a0-237-g2d982f9f85 (webtiles) character file.

Game seed: 15560714315271130435

821 qw the Shooter (level 7, -1/59 HPs)
             Began as a Minotaur Hexslinger on July 11, 2023.
             Was an Initiate of Okawaru.
             Slain by an ogre
             ... wielding a +0 giant club
              (10 damage)
             ... on level 6 of the Dungeon.
             The game lasted 00:01:42 (4469 turns).

qw the Shooter (Minotaur Hexslinger)                Turns: 4469, Time: 00:01:42

Health: -1/59      AC:  7    Str: 22    XL:     7   Next: 63%
Magic:  7/7        EV: 13    Int: 19    God:    Okawaru [......]
Gold:   339        SH:  0    Dex: 17    Spells: 7/8 levels left

rFire   x . .        Y - +2 sling
rCold   x . .        (no shield)
rNeg    . . .        d - +1 leather armour of Guw Liov {rPois Will- Str+3 Dex+3}
rPois   +            (helmet restricted)
rElec   .            (no cloak)
rCorr   .            a - +1 pair of gloves of the Eternal Fruit {rF- rC- Regen+ Int+9}
SInv    .            c - +0 pair of boots
Will    .....        (no amulet)
Stlth   +            g - +6 ring of strength
HPRegen 1.09/turn    (no ring)
MPRegen 0.10/turn

%: no passive effects
@: no status effects
A: horns 2, retaliatory headbutt
a: Renounce Religion


You were on level 6 of the Dungeon.
You worshipped Okawaru.
Okawaru was noncommittal.
You visited 1 branch of the dungeon, and saw 6 of its levels.

You collected 339 gold pieces.


Innate Abilities, Weirdness & Mutations

You have a pair of horns on your head.
You reflexively headbutt those who attack you in melee.


   Skills:
 - Level 4.0 Fighting
 + Level 7.7 Ranged Weapons
 - Level 3.1 Armour
 - Level 3.0 Dodging
 - Level 1.0 Spellcasting
 - Level 2.0 Hexes
 - Level 2.0 Invocations


You had 7 spell levels left.
You knew the following spells:

 Your Spells              Type           Power      Damage    Failure   Level
a - Slow                  Hex            32%        N/A       10%         1

Your spell library contained the following spells:

 Spells                   Type           Power      Damage    Failure   Level
 Inner Flame              Hex/Fire       4%         N/A       38%         3
 Portal Projectile        Hex/Tloc       8%         N/A       38%         3
 Cause Fear               Hex            4%         N/A       67%         4

Inventory:

Hand Weapons
 Y - a +2 sling (weapon)
Armour
 a - the +1 pair of gloves of the Eternal Fruit (worn) {rF- rC- Regen+ Int+9}
   (You acquired it on level 4 of the Dungeon)

   Int:       It affects your intelligence (+9).
   rF:        It makes you vulnerable to fire.
   rC:        It makes you vulnerable to cold.
   Regen:     It increases your rate of health regeneration.
 c - a +0 pair of boots (worn)
 d - the +1 leather armour of Guw Liov (worn) {rPois Will- Str+3 Dex+3}
   (You found it on level 5 of the Dungeon)

   Str:       It affects your strength (+3).
   Dex:       It affects your dexterity (+3).
   rPois:     It protects you from poison.
   Will:      It decreases your willpower.
Jewellery
 g - a +6 ring of strength (left hand)
 j - a ring of poison resistance
Scrolls
 b - 2 scrolls of enchant armour {unknown}
 h - a scroll of identify
Potions
 e - a potion of haste {unknown}
 f - a potion of curing {unknown}
 n - a potion of cancellation {unknown}
 o - a potion of magic
 p - a potion of mutation {unknown}

Dungeon Overview and Level Annotations

Branches:
Dungeon (6/15)
 Temple: D:4-7

Altars:
Gozag
Hepliaklqana
Okawaru
Vehumet
Yredelemnul
The Shining One

Shops:
D:5 :


Message History

You shoot a sling bullet. The sling bullet hits the bullfrog.
The bullfrog gives a loud, deep croak!
The bullfrog is moderately wounded.
An ogre comes into view. It is wielding a +0 giant club.
Enter note:
Enter note:
Enter note:
Enter note: You shoot a sling bullet.
The ogre shouts!
The sling bullet hits the ogre.
The ogre is lightly wounded.
You shoot a sling bullet. The sling bullet hits the ogre.
The ogre is moderately wounded.
You shoot a sling bullet.
The sling bullet hits the ogre but does no damage.
The ogre is moderately wounded.
You shoot a sling bullet. The sling bullet hits the bullfrog!
The bullfrog is heavily wounded.
A scorpion comes into view.
You shoot a sling bullet. The sling bullet hits the bullfrog.
The bullfrog is almost dead.
The bullfrog hits you but does no damage.
The bullfrog hits you.
You shoot a sling bullet. The sling bullet hits the bullfrog!
You kill the bullfrog!
Okawaru accepts your kill.
Your Dodging skill increases to level 3!
You shoot a sling bullet. The sling bullet hits the ogre.
The ogre is moderately wounded.
The ogre hits you with a +0 giant club!!
You shoot a sling bullet.
The sling bullet barely misses the ogre.
You shoot a sling bullet. The sling bullet hits the ogre.
The ogre is moderately wounded.
The ogre hits you with a +0 giant club!!
You shoot a sling bullet. The sling bullet hits the ogre!
The ogre is severely wounded.
The ogre hits you with a +0 giant club!
You die...

.......# ##.....##
.......# #......# ...
.......# #....### ....
.......###....######..##
....#........#..........
....#...................
.......<................
....##.......##.........
.............##.@O...#.
........#....##.##.##...
###....#......... ... .
.....#.##........ ....
.. .##.# ......... .....
... .....#... .... ....
.....#.##. . .....
....... .....#


You could see an ogre.

Vanquished Creatures
  A water moccasin (D:5)
  An ogre (D:4)
  A black bear (D:5)
  2 bullfrogs
  2 jellies (D:5)
  2 gnoll boudas (D:5)
  2 iguanas (D:5)
  7 adders
  8 gnolls (D:5)
  An ufetubus (D:5)
  3 worms
  4 dart slugs
  5 orcs
  7 ball pythons
  7 endoplasms
  5 giant cockroaches
  5 goblins
  4 hobgoblins
  6 jackals
  13 kobolds
  2 quokkas
  2 bats (D:1)
  3 frilled lizards
  7 rats
100 creatures vanquished.

Notes
Turn   | Place    | Note
-------+----------+-------------------------------------------
     0 | D:1      | qw the Minotaur Hexslinger began the quest for the Orb.
     0 | D:1      | Reached XP level 1. HP: 16/16 MP: 1/1
     0 | D:1      | 0 ||| qw: Version: 0.3-a-52-g30416fa
     0 | D:1      | 0 ||| qw: Game counter: 5397
     0 | D:1      | 0 ||| qw: Melee chars always use a shield: true
     0 | D:1      | 0 ||| qw: God list: Okawaru
     0 | D:1      | 0 ||| qw: Allow faded altars: false
     0 | D:1      | 0 ||| qw: Do Orc after clearing Dungeon:15 true
     0 | D:1      | 0 ||| qw: Do second Lair branch before Depths: true
     0 | D:1      | 0 ||| qw: Lair rune preference: random
     0 | D:1      | 0 ||| qw: Goals: Normal
     0 | D:1      | 0 ||| PLANNING D:1-11
    35 | D:1      | 35 ||| FLEEEEING.
    76 | D:1      | Reached skill level 3 in Ranged Weapons
    77 | D:1      | Reached XP level 2. HP: 23/23 MP: 2/2
   678 | D:1      | Reached XP level 3. HP: 29/29 MP: 3/3
   784 | D:1      | 784 ||| UPGRADING to amulet of guardian spirit.
   789 | D:1      | 789 ||| DROPPING scroll of poison.
   939 | D:2      | Reached skill level 4 in Ranged Weapons
  1374 | D:2      | Reached XP level 4. HP: 36/36 MP: 4/4
  1447 | D:2      | 1447 ||| UPGRADING to +0 leather armour.
  1457 | D:2      | 1457 ||| DROPPING +0 robe.
  1458 | D:2      | 1458 ||| UPGRADING to +6 ring of strength.
  1459 | D:2      | 1459 ||| UPGRADING to ring of poison resistance.
  1460 | D:2      | 1460 ||| READING scroll labelled DIANEA FOBYLL.
  1461 | D:2      | 1461 ||| READING scroll labelled OSKIFU BACVAAL.
  1462 | D:2      | 1462 ||| DRINKING 2 murky blue potions.
  1463 | D:2      | 1463 ||| DROPPING potion of degeneration.
  2124 | D:3      | Found an iron altar of Okawaru.
  2125 | D:3      | 2125 ||| PLANNING OKAWARU WORSHIP
  2125 | D:3      | 2125 ||| UPGRADING to +0 pair of boots.
  2130 | D:3      | 2130 ||| READING scroll labelled OCHINLIGHODGH.
  2143 | D:3      | Reached skill level 5 in Ranged Weapons
  2157 | D:3      | Became a worshipper of Warmaster Okawaru
  2158 | D:3      | 2158 ||| PLANNING D:1-11
  2158 | D:3      | 2158 ||| REMOVING amulet of guardian spirit.
  2422 | D:3      | 2422 ||| DROPPING amulet of guardian spirit.
  2517 | D:4      | Found a basalt altar of Yredelemnul.
  2597 | D:4      | Noticed a bullfrog
  2603 | D:4      | Killed a bullfrog
  2604 | D:4      | Reached XP level 5. HP: 39/46 MP: 5/5
  2669 | D:4      | Identified the +1 quarterstaff "Erokos" {holy, rF+}
  2695 | D:4      | Noticed an ogre
  2702 | D:4      | Killed an ogre
  2774 | D:4      | Found a hazy altar of Hepliaklqana.
  2782 | D:4      | Reached XP level 6. HP: 51/52 MP: 6/6
  2877 | D:4      | Found a radiant altar of Vehumet.
  3021 | D:4      | Reached skill level 6 in Ranged Weapons
  3149 | D:4      | Found an opulent altar of Gozag.
  3192 | D:4      | 3192 ||| UPGRADING to +0 ring mail.
  3202 | D:4      | 3202 ||| DROPPING +0 leather armour.
  3203 | D:4      | 3203 ||| READING scroll labelled WAENUR QECLIE.
  3204 | D:4      | 3204 ||| READING scroll labelled NUISYBU LUWOPS.
  3205 | D:4      | 3205 ||| READING scroll labelled KITI MEARIEPOA.
  3205 | D:4      | Identified a scroll of acquirement
  3205 | D:4      | 3205 ||| ACQUIRING +1 pair of gloves of the Eternal Fruit
                  | {rF- rC- Regen+ Int+9}
  3205 | D:4      | Acquired the +1 pair of gloves of the Eternal Fruit {rF-
                  | rC- Regen+ Int+9}
  3207 | D:4      | 3207 ||| UPGRADING to +1 pair of gloves of the Eternal
                  | Fruit {rF- rC- Regen+ Int+9}.
  3212 | D:4      | 3212 ||| READING scroll labelled MIWAYFU MUGI.
  3213 | D:4      | 3213 ||| READING scroll labelled KUYROOD TAJOGH.
  3214 | D:4      | 3214 ||| DRINKING 2 green potions.
  3215 | D:4      | 3215 ||| DRINKING 2 smoky red potions.
  3216 | D:4      | 3216 ||| DROPPING potion of brilliance.
  3255 | D:5      | Entered Level 5 of the Dungeon
  3284 | D:5      | Identified the +1 leather armour of Guw Liov {rPois Will-
                  | Str+3 Dex+3}
  3336 | D:5      | Noticed a water moccasin
  3357 | D:5      | Killed a water moccasin
  3357 | D:5      | Reached * piety under Okawaru
  3358 | D:5      | Reached skill level 3 in Armour
  3503 | D:5      | Reached skill level 1 in Invocations
  3565 | D:5      | 3565 ||| Stepping ~*~*~tactically~*~*~ (outnumbered).
  3567 | D:5      | 3567 ||| INVOKING Heroism.
  3582 | D:5      | 3582 ||| INVOKING Heroism.
  3585 | D:5      | 3585 ||| Stepping ~*~*~tactically~*~*~ (outnumbered).
  3589 | D:5      | 3589 ||| Stepping ~*~*~tactically~*~*~ (outnumbered).
  3597 | D:5      | 3597 ||| INVOKING Heroism.
  3599 | D:5      | Reached XP level 7. HP: 49/59 MP: 2/7
  3871 | D:5      | 3871 ||| INVOKING Heroism.
  3892 | D:5      | Found Adaov's Tiny Tomes.
  3945 | D:5      | Reached skill level 7 in Ranged Weapons
  4047 | D:5      | 4047 ||| INVOKING Heroism.
  4225 | D:5      | 4225 ||| UPGRADING to +1 leather armour of Guw Liov {rPois
                  | Will- Str+3 Dex+3}.
  4235 | D:5      | 4235 ||| REMOVING ring of poison resistance.
  4236 | D:5      | 4236 ||| DROPPING +0 ring mail.
  4237 | D:5      | 4237 ||| DRINKING 2 murky sapphire potions.
  4238 | D:5      | 4238 ||| DROPPING potion of attraction.
  4366 | D:6      | Found a glowing golden altar of the Shining One.
  4466 | D:6      | Reached skill level 3 in Dodging
  4468 | D:6      | HP: 8/59 [ogre/+0 giant club (26)]
  4469 | D:6      | Slain by an ogre

Levels and vault maps discovered:
D:1:      lemuel_arrival_lava_pool, layout_basic, st_stairs_2,
          minmay_misc_feat_chi, grunt_decor_junction,
          hangedman_decor_clover_reticule
D:2:      layout_basic
D:3:      layout_basic, okawaru_trees_1, dk_noncrumbling_2,
          hangedman_decor_points
D:4:      layout_basic, mainiacjoe_overflow_six_doors_small,
          grunt_gozag_breadcrumbs, mainiacjoe_overflow_large_starburst,
          nicolae_the_louvre
D:5:      layout_loops_ring, minmay_crystal_room,
          nicolae_shop_i_like_small_books_too, minmay_misc_feat_ornament,
          roderic_lattice_a
D:6:      layout_cave_pools, nicolae_tso_carved_into_rock,
          grunt_dithmenos_smoke, lemuel_tele_altar, minmay_temple_entry_hall

Skill      XL: |  1  2  3  4  5  6  7 |
---------------+----------------------+-----
Ranged Weapons | 3 4 5 6 7 |  7.7
Fighting       | 2 4 |  4.0
Armour         | 3 |  3.1
Invocations    | 1 2 |  2.0
Dodging        | 3 |  3.0
Spellcasting   | |  1.0
Hexes          | |  2.0

Action                     |  1- 3 |  4- 6 |  7- 9 || total
---------------------------+-------+-------+-------++-------
   Fire: Sling             |   120 |   188 |    76 ||   384
 Invoke: Heroism           |       |     3 |     2 ||     5
    Use: Scroll            |       |     8 |       ||     8
         Potion            |       |     3 |     1 ||     4
 Armour: Robe              |    10 |       |       ||    10
         Leather armour    |       |     3 |     1 ||     4
         Ring mail         |       |    30 |     9 ||    39
  Dodge: Dodged            |    33 |    79 |    22 ||   134

Table legend:
 A = Non-vault XP
 B = Vault XP
 C = Vault XP percentage of total XP
 D = Non-vault monster count
 E = Vault monster count
 F = Vault count percentage of total count
                 A         B        C        D         E       F
            +---------+---------+-------+---------+---------+-------
      Total |    1169 |       4 |   0.3 |      98 |       2 |   2.0
            +---------+---------+-------+---------+---------+-------
        D:1 |      38 |       4 |   9.5 |      21 |       2 |   8.7
        D:2 |      56 |       0 |   0.0 |      25 |       0 |   0.0
        D:3 |      40 |       0 |   0.0 |      17 |       0 |   0.0
        D:4 |     254 |       0 |   0.0 |      12 |       0 |   0.0
        D:5 |     691 |       0 |   0.0 |      22 |       0 |   0.0
        D:6 |      90 |       0 |   0.0 |       1 |       0 |   0.0
            +---------+---------+-------+---------+---------+-------
